 Dungeon Crawl Stone Soup version 0.31-a0-232-gb1c03b2570 (webtiles) character file.

Game seed: 14122678372909166472

65 Newt the Shooter (level 4, -6/30 HPs)
             Began as a Kobold Hunter on July 7, 2023.
             Mangled by a gnoll
             ... wielding a +0 flail
              (9 damage)
             ... on level 2 of the Dungeon.
             The game lasted 00:02:15 (1296 turns).

Newt the Shooter (Kobold Hunter)                    Turns: 1296, Time: 00:02:15

Health: -6/30      AC:  4    Str: 14    XL:     4   Next: 35%
Magic:  4/4        EV: 15    Int: 10    God:
Gold:   176        SH:  0    Dex: 20    Spells: 3/3 levels left

rFire   . . .        a - +0 shortbow
rCold   . . .        (shield currently unavailable)
rNeg    . . .        c - +0 leather armour
rPois   .            h - +0 hat
rElec   .            (no cloak)
rCorr   .            (no gloves)
SInv    .            l - +0 pair of boots
Will    .....        (no amulet)
Stlth   +++          e - +6 ring of strength
HPRegen 0.25/turn    (no ring)
MPRegen 0.09/turn

%: no passive effects
@: no status effects
A: small, no large weapons, nightstalker 3
a: no special abilities


You were on level 2 of the Dungeon.
You visited 1 branch of the dungeon, and saw 3 of its levels.

You collected 176 gold pieces.

Inventory:

Hand Weapons
 a - a +0 shortbow (weapon)
Armour
 c - a +0 leather armour (worn)
 h - a +0 hat (worn)
 l - a +0 pair of boots (worn)
Jewellery
 e - a +6 ring of strength (left hand)
 f - a +4 ring of protection
Scrolls
 b - a scroll of butterflies
Potions
 d - 2 potions of curing
 g - a potion of ambrosia
 i - a potion of heal wounds {unknown}
 k - a potion of lignification {unknown}
 m - a potion of degeneration {unknown}


   Skills:
 + Level 4.6 Fighting
 - Level 5.3 Ranged Weapons
 - Level 2.5 Dodging
 - Level 1.5 Stealth


You had 3 spell levels left.
You didn't know any spells.
Your spell library contained the following spells:

 Spells                   Type           Power      Damage    Failure   Level
 Magic Dart               Conj           0%         1d3       43%         1
 Shock                    Conj/Air       0%         1d3       43%         1
 Call Imp                 Summ           0%         N/A       58%         2
 Mephitic Cloud           Conj/Pois/Air  0%         N/A       82%         3
 Swiftness                Air            0%         N/A       82%         3
 Airstrike                Air            0%         2d(0-16)  99%         4


Dungeon Overview and Level Annotations

Branches:
Dungeon (3/15)

Altars:

Shops:
D:2 :


Innate Abilities, Weirdness & Mutations

You are small and have problems with some larger weapons.
You are completely attuned to the shadows.


Message History

Unknown command.
You shoot an arrow. The arrow barely misses the gnoll.
You shoot an arrow. The arrow closely misses the gnoll.
You shoot an arrow. The arrow hits the gnoll.
The gnoll is lightly wounded.
The gnoll hits you but does no damage.
You shoot an arrow. The arrow hits the gnoll.
The gnoll is heavily wounded.
The gnoll barely misses you. The gnoll misses you.
The gnoll hits you with a +0 flail.
A gnoll comes into view. It is wielding a +0 club.
The gnoll hits you with a +0 whip.
You shoot an arrow. The arrow hits the gnoll!
The gnoll is almost dead.
The gnoll hits you but does no damage. The gnoll hits you with a +0 flail.
You shoot an arrow.
The arrow hits the gnoll but does no damage.
The gnoll is almost dead.
The gnoll misses you. The gnoll hits you with a +0 flail.
You shoot an arrow.
The arrow hits the gnoll but does no damage.
The gnoll is almost dead.
The gnoll hits you with a +0 whip. The gnoll completely misses you.
You shoot an arrow.
The arrow hits the gnoll but does no damage.
The gnoll is almost dead.
The gnoll closely misses you. The gnoll hits you with a +0 flail.
The gnoll hits you with a +0 whip. The gnoll misses you.
You climb upwards.
There is a stone staircase leading down here.
Unknown command.
The gnoll barely misses you. The gnoll attacks as you move away!
The gnoll hits you with a +0 flail!
* * * LOW HITPOINT WARNING * * *
Unknown command.
You shoot an arrow. The arrow closely misses the gnoll.
The arrow completely misses the gnoll.
You shoot an arrow. The arrow closely misses the gnoll.
The gnoll hits you with a +0 flail!
You die...

#.......# #.....
#.......###.####
#.......##..<..#
#.....†.#..#.#.#
#...............
########.#.#######
#...####..........
#g#.#.........^###
#@.g..............
###'####....#..###
#.................
#.................
#........##.......
#........##.......
#........##.......
#........###....†)
####........##.......


You could see 2 gnolls.

Vanquished Creatures
  2 adders (D:2)
  A dart slug (D:1)
  6 endoplasms
  2 giant cockroaches
  3 goblins
  5 hobgoblins
  5 quokkas
  A ball python (D:1)
  5 bats
  5 frilled lizards
  2 kobolds
  7 rats
44 creatures vanquished.

Notes
Turn   | Place    | Note
-------+----------+-------------------------------------------
     0 | D:1      | Newt the Kobold Hunter began the quest for the Orb.
     0 | D:1      | Reached XP level 1. HP: 12/12 MP: 1/1
    84 | D:1      | Reached XP level 2. HP: 18/18 MP: 2/2
   417 | D:1      | Reached XP level 3. HP: 23/23 MP: 3/3
   734 | D:2      | Found Vuxziu's Book Emporium.
   869 | D:2      | Reached XP level 4. HP: 24/29 MP: 4/4
  1296 | D:2      | Mangled by a gnoll

Illustrated notes

Levels and vault maps discovered:
D:1:      shiori_arrival_maze, layout_loops_ring, serial_park_tiny_2
D:2:      layout_basic, serial_shops, shop
D:3:      layout_basic, nemelex_xobeh_ov_fountains_minmay,
          nicolae_overflow_ecumenical_swirl,
          nzn_overflow_gifts_of_might_and_magic, portal_sewer_entry_d,
          ebering_ecumenical_altar_mist, nicolae_half_adder

Skill      XL: |  1  2  3 |
---------------+----------+-----
Fighting       | 3 4 |  4.6
Ranged Weapons | |  5.3
Dodging        | |  2.5
Stealth        | |  1.5

Action                     |  1- 3 |  4- 6 || total
---------------------------+-------+-------++-------
   Fire: Shortbow          |    88 |    27 ||   115
    Use: Scroll            |     3 |     2 ||     5
         Potion            |     1 |       ||     1
 Armour: Leather armour    |    10 |     4 ||    14
  Dodge: Dodged            |    35 |    14 ||    49

Table legend: (Time is in decaauts)
 A = Elapsed time spent in this place.
 B = Non-inter-level travel time spent in this place.
 C = Inter-level travel time spent in this place.
 D = Time resting spent in this place.
 E = Time spent auto-exploring this place.
 F = Levels seen in this place.
 G = Mean time per level.
                   A        B        C        D        E       F      G
               +--------+--------+--------+--------+--------+-----+--------+
         Total |   1313 |   1223 |     90 |      0 |    998 |   3 |  437.7 |
       Dungeon |   1313 |   1223 |     90 |      0 |    998 |   3 |  437.7 |
               +--------+--------+--------+--------+--------+-----+--------+

Top non-repeatable levels by time:
     D:1: 720 daAuts
     D:2: 576 daAuts
     D:3: 17 daAuts
